 Dungeon Crawl Stone Soup version 0.27.1-3-gb3d3a73c9e (webtiles) character file.

Game seed: 5679305954553890692

85 CuBeRJAN3 the Skirmisher (level 4, -8/29 HPs)
             Began as a Gargoyle Fighter on Oct 7, 2021.
             Killed by divine providence
             ... invoked by an orc priest
              (17 damage)
             ... on level 3 of the Dungeon.
             The game lasted 00:05:07 (2616 turns).

CuBeRJAN3 the Skirmisher (Gargoyle Fighter)         Turns: 2616, Time: 00:05:08

Health: -8/29      AC: 18    Str: 20    XL:     4   Next: 48%
Magic:  4/4        EV:  3    Int:  9    God:
Gold:   116        SH: 10    Dex: 15    Spells: 3/3 levels left

rFire    . . .     SeeInvis .   a - +0 war axe
rCold    . . .     Faith    .   c - +0 kite shield
rNeg     + . .     Spirit   .   g - +1 plate armour
rPois    ∞         Reflect  .   (no helmet)
rElec    +         Harm     .   i - +0 cloak
rCorr    .         Rampage  .   e - +0 pair of gloves
Will     .....                  (no boots)
Stlth    ..........             (no amulet)
HPRegen  0.09/turn              l - +6 ring of dexterity
MPRegen  0.09/turn              (no ring)

@: no status effects
A: sickness immunity, AC +3, negative energy resistance 1, electricity
resistance, torment resistance 1, petrification resistance
a: no special abilities


You were on level 3 of the Dungeon.
You visited 1 branch of the dungeon, and saw 3 of its levels.

You collected 116 gold pieces.

Inventory:

Hand Weapons
 a - a +0 war axe (weapon)
Armour
 c - a +0 kite shield (worn)
 e - a +0 pair of gloves (worn)
 g - a +1 plate armour (worn)
 i - a +0 cloak (worn)
Jewellery
 l - a +6 ring of dexterity (left hand)
Scrolls
 f - a scroll of magic mapping
 h - a scroll of identify {unknown}
 k - a scroll of amnesia {unknown}
 m - a scroll of noise {unknown}
Potions
 b - a potion of brilliance {unknown}
 d - a potion of might
 j - a potion of flight {unknown}


   Skills:
 * Level 4.1 Fighting
 * Level 2.7 Axes
 + Level 3.8 Armour
 + Level 3.8 Shields


You had 3 spell levels left.
You didn't know any spells.
Your spell library contained the following spells:

 Spells                   Type           Power      Damage    Failure   Level
 Freeze                   Ice            0%         1d3       100%        1
 Conjure Flame            Conj/Fire      0%         6-21      100%        3
 Frozen Ramparts          Ice            0%         1d2       100%        3
 Ignite Poison            Fire/Tmut/Pois 0%         N/A       100%        3
 Hailstorm                Conj/Ice       0%         3d3       100%        4
 Sticky Flame             Conj/Fire      0%         2d3       100%        4


Dungeon Overview and Level Annotations

Branches:
Dungeon (3/15)

Altars:


Innate Abilities, Weirdness & Mutations

You are immune to sickness and miasma.
Your stone body is resilient. (AC +3)
You are immune to poison.
You resist negative energy. (rN+)
You are resistant to electric shocks. (rElec)
You are resistant to unholy torment.
You are immune to petrification.


Message History

The ball python is heavily wounded.
You block the ball python's attack. The ball python constricts you.
The ball python bites you. The ball python constricts you.
You slash the ball python!
You kill the ball python!
Found 22 arrows.
Found a morningstar and 14 gold pieces.
m - a scroll labelled IGAUDWAING You now have 116 gold pieces (gained 14).
You open the door.
An orc and an orc priest come into view.
The orc priest shouts!
The orc shouts!
You hear a shout!
An orc comes into view. It is wielding a +0 short sword.
There is an open door here.
Okay, then.
The orc shouts!
Your shield prevents you from hitting the orc.
You block the orc's attack. x2
You slash the orc!
You kill the orc!
You closely miss the orc. The orc hits you but does no damage.
You block the orc's attack.
Your plate armour prevents you from hitting the orc.
The orc hits you but does no damage. The orc hits you with a +0 dagger.
You barely miss the orc.
The orc priest looks braver for a moment.
The orc hits you with a +0 dagger.
You closely miss the orc. You block the orc's attack.
The orc hits you but does no damage.
You closely miss the orc. You block the orc's attack.
The orc priest mumbles some strange prayers to Beogh against you.
Beogh smites you!
Ouch! That really hurt!
* * * LOW HITPOINT WARNING * * *
The orc hits you but does no damage.
There is an open door here.
The orc priest mumbles some strange prayers to Beogh against you.
Beogh smites you!
Ouch! That really hurt!
You die...

###.###........(##..
#.......###.#.####.# #
#.#####.# #.#.# #.# #.
..#.# #.#.# #.#
##.#######.#.###.#.# #..
#..........#.....#.# #.#
#..................####)#
#.........####........#.#
#.........# #<.@.o.o.'.#
#..(......# #........###
#.).......# #........#
#.........# #........#
#.........####........##
#.........#............#
##...###.##.############
#...# #........... #...#
####........


You could see an orc priest and an orc.

Vanquished Creatures
  Robin (D:3)
  An adder (D:2)
  A dart slug (D:2)
  An orc (D:3)
  2 ball pythons
  6 endoplasms
  A giant cockroach (D:1)
  9 hobgoblins
  2 quokkas (D:1)
  6 bats
  2 frilled lizards (D:1)
  14 goblins
  6 kobolds
  7 rats
59 creatures vanquished.

Notes
Turn   | Place    | Note
-------+----------+-------------------------------------------
     0 | D:1      | CuBeRJAN3 the Gargoyle Fighter began the quest for the Orb.
     0 | D:1      | Reached XP level 1. HP: 14/14 MP: 1/1
   222 | D:1      | Reached XP level 2. HP: 18/19 MP: 2/2
   985 | D:1      | Reached XP level 3. HP: 21/24 MP: 3/3
  1781 | D:2      | Reached skill level 4 in Fighting
  2047 | D:2      | Found a faded altar of an unknown god.
  2209 | D:3      | Noticed Robin
  2213 | D:3      | Reached XP level 4. HP: 25/29 MP: 4/4
  2365 | D:3      | Killed Robin
  2616 | D:3      | Killed from afar by an orc priest

Illustrated notes

Levels and vault maps discovered:
D:1:      denvon_arrival_planthouse, layout_loops_corners
D:2:      layout_basic, shapermc_ecumenical_altar_mp_urbaneastern,
          minmay_misc_feat_secret_circle, chequers_mini_garden,
          minmay_liquid_box
D:3:      layout_basic, serial_corexii_hall, corexii_hall_statues_x,
          chequers_hall_statues_corner_a, uniq_robin, uniq_crazy_yiuf_cottage

Skill      XL: |  1  2  3 |
---------------+----------+-----
Axes           | 2 |  2.7
Fighting       | 4 |  4.1
Armour         | |  3.8
Shields        | |  3.8

Action                   |  1- 3 |  4- 6 || total
-------------------------+-------+-------++-------
Melee: War axe           |   126 |    32 ||   158
  Use: Scroll            |     3 |       ||     3
Armor: Scale mail        |    15 |       ||    15
       Plate armour      |    68 |    30 ||    98
Dodge: Dodged            |    15 |     6 ||    21
Block: Kite shield       |    78 |    25 ||   103
